 Dungeon Crawl Stone Soup version 0.19-a0-1216-g363869b (webtiles) character file.

69444 4thArraOfDagon the Wrestler (level 14, -12/118 HPs)
             Began as a Troll Fighter on Aug 23, 2016.
             Was an Initiate of the Shining One.
             Mangled by an 11-headed hydra (13 damage)
             ... summoned by Bai Suzhen
             ... on level 2 of the Depths.
             The game lasted 00:53:08 (10365 turns).

4thArraOfDagon the Wrestler (Troll Fighter)        Turns: 10365, Time: 00:53:09

Health: -12/118    AC: 14    Str: 27      XL:     14   Next: 90%
Magic:  13/15      EV: 14    Int:  7 (8)  God:    the Shining One [......]
Gold:   899        SH: 13    Dex: 10 (11) Spells: 0 memorised, 13 levels left

rFire  . . .     SeeInvis .       - Unarmed
rCold  + . .     Gourm    +     o - +0 troll leather armour
rNeg   + . .     Faith    .     b - +1 shield
rPois  .         Spirit   .     (helmet restricted)
rElec  .         Dismiss  .     V - +0 cloak {MR+}
rCorr  .         Reflect  .     (gloves unavailable)
MR     ++...     Harm     .     (boots unavailable)
Stlth  +......... Clarity  +    i - amulet of rage
                                j - ring of positive energy
                                l - +4 ring of evasion

@: exhausted, slowed, glowing, very slow
A: unfitting armour, claws 3, icy blue scales 1, iridescent scales 1, molten
scales 1, agile 1, blurry vision 1, clarity, cold resistance 1, deterioration 1,
fast metabolism 3, gourmand, low mp 1, regeneration 1, shaggy fur 1, tough skin
2, MP-powered wands
a: Renounce Religion, Evoke Berserk Rage


You were on level 2 of the Depths.
You worshipped the Shining One.
The Shining One was noncommittal.
You were not hungry.

You visited 4 branches of the dungeon, and saw 21 of its levels.
You also visited: Labyrinth, Ossuary and Ice Cave.

You collected 1439 gold pieces.
You spent 540 gold pieces at shops.

Inventory:

Hand Weapons
 G - the +4 flail "Kuol" {crush, Dex+2 SInv}
   (You found it on level 11 of the Dungeon)

   It inflicts extra damage upon your enemies.
   It affects your dexterity (+2).
   It lets you see invisible.
Missiles
 N - 20 large rocks
 S - 2 throwing nets (quivered)
Armour
 a - a +0 robe
 b - a +1 shield (worn)
 o - a +0 troll leather armour (worn)
 v - a +0 cloak
 C - a +2 robe of cold resistance
 V - a +0 cloak of magic resistance (worn)
 X - a +0 robe
 Y - a +2 robe of resistance
Magical Staves
 w - an uncursed staff of fire
 M - an uncursed staff of wizardry {!a}
Jewellery
 i - an amulet of rage (around neck)
 j - a ring of positive energy (right claw)
 k - an uncursed ring of resist corrosion
 l - a +4 ring of evasion (left claw)
 m - an uncursed ring of see invisible
 u - an uncursed amulet of the gourmand
 D - a +2 ring of intelligence
 I - a +4 ring of strength
 L - a +4 ring of dexterity
Wands
 p - a wand of disintegration (5/24)
 q - a wand of iceblast (5/15)
 r - a wand of disintegration (8/24)
 s - a wand of confusion (23/48)
 x - a wand of random effects (23/48)
 A - a wand of lightning (11/15)
 E - a wand of hasting (1/9)
 H - a wand of lightning (8/15)
 O - a wand of enslavement (0/24)
 R - a wand of enslavement (3/24)
Scrolls
 c - a scroll of random uselessness
 y - a scroll of noise
 J - a scroll of amnesia
 W - a scroll of blinking
Potions
 e - 2 potions of magic
 f - a potion of ambrosia
 g - 2 potions of brilliance
 h - 2 potions of curing
 t - a potion of degeneration
Books
 T - the Papyrus of the Hidden Mice
   (You found it on level 12 of the Dungeon)

   Spells                             Type                      Level
   a - Shock                          Conjuration/Air              1
   b - Gell's Gravitas                Hexes/Translocation          3
   c - Recall                         Summoning/Translocation      3
   d - Portal Projectile              Translocation                3
 U - a Young Poisoner's Handbook

   Spells                             Type                      Level
   a - Sting                          Conjuration/Poison           1
   b - Mephitic Cloud                 Conjuration/Poison/Air       3
   c - Olgreb's Toxic Radiance        Poison                       4
   d - Alistair's Intoxication        Transmutation/Poison         5
   e - Venom Bolt                     Conjuration/Poison           5
   The Shining One disapproves of the use of such an item.
 Z - a book of Annihilations

   Spells                             Type                      Level
   a - Poison Arrow                   Conjuration/Poison           6
   b - Chain Lightning                Conjuration/Air              8
   c - Lehudib's Crystal Spear        Conjuration/Earth            8
   d - Glaciate                       Conjuration/Ice              9
   e - Fire Storm                     Conjuration/Fire             9
Miscellaneous
 P - a fan of gales (inert)
Comestibles
 d - 8 bread rations
 n - 2 beef jerkies
 z - a royal jelly
 F - 4 meat rations


   Skills:
 + Level 2.7 Fighting
 - Level 2.4 Dodging
 - Level 10.1 Shields
 - Level 21.0 Unarmed Combat
 + Level 1.1 Invocations
 - Level 5.2 Evocations


You had 13 spell levels left.
You didn't know any spells.

Dungeon Overview and Level Annotations

Branches:
Dungeon (15/15) Orc (2/2) D:10 Elf (0/3) Orc:2 Vaults (0/5) D:12 D:13 D:14 Depths (3/5) D:15 Hell (1/1) Temple: D:4-7 Lair: D:8-11 Dis: Hell:1 Geh: Hell:1 Coc: Hell:1 Tar: Hell:1

Altars:
Gozag
The Shining One
Beogh

Shops:
D:4 (   D:12 ?   Orc:2 }*?(   Depths:2 %}%

Portals:
Hell: Depths:1 Depths:2
Pandemonium: Depths:1
Ziggurat: Depths:1
Trove: D:12 (give 2 scrolls of acquirement)

Annotations:
D:4 2 runed doors, Menkaure
D:7 Duvessa
D:13 Erolcha; Frances; Nessos; dobroeutro's ghost, journeyman GrFi
Orc:1 4thArraOfDagon's ghost, journeyman MiBe; Harold; Nattefrost's ghost, journeyman HOBe
Depths:2 Bai Suzhen
Hell Geryon


Innate Abilities, Weirdness & Mutations

You are too large for most types of armour.
You have claws for hands.
Your metabolism is lightning-fast.
You like to eat raw meat.
Your natural rate of healing is unusually fast.
You are covered in fur. (AC +1)
You have very tough skin. (AC +2)
You are partially covered in icy blue scales. (AC +2)
You are partially covered in iridescent scales. (AC +2)
You are partially covered in molten scales. (AC +2)
You are agile. (Dex +2)
Scrolls take you a little longer to read.
You possess an exceptional clarity of mind.
Your flesh is cold resistant. (rC+)
Your body sometimes deteriorates upon taking damage.
Your magical capacity is low. (-10% MP)
You expend magic power (3 MP) to strengthen your wands.


Message History

You block the 11-headed hydra's attack. The 11-headed hydra barely misses you.
The 11-headed hydra misses you.
The 11-headed hydra bites you but does no damage.
The 11-headed hydra completely misses you.
The 11-headed hydra closely misses you. The 11-headed hydra barely misses you.
You begin reading the scroll.
You continue reading the scroll.
You are standing in a thunderstorm.
You block Bai Suzhen's attack. Bai Suzhen barely misses you.
You block Bai Suzhen's attack. The 11-headed hydra bites you!
* * * LOW HITPOINT WARNING * * *
You block the 11-headed hydra's attack. The 11-headed hydra misses you.
You block the 11-headed hydra's attack.
The 11-headed hydra bites you but does no damage.
The 11-headed hydra closely misses you. The 11-headed hydra bites you.
* * * LOW HITPOINT WARNING * * *
The 11-headed hydra bites you but does no damage. x2
The 11-headed hydra bites you! The Shining One protects you from harm!
The 11-headed hydra bites you!
You die...

## ##.......## ....#
..##.........##....#
.##.....∩.....##...#
.#....#...#....#...#
.#.............#...# #####
........#..........# ###.>.###
.#.............#§§.# ##.......##
.#....#...#....#DD.# ##....8....#
.##.....∩....C##@§.###...#####...
..##.........##≈≈..##...## ##..
..###.......##.....#...#########.
..# ##...d.##....###...###...###.
..+ ###.###...(.................
#### #.......#8.....8((<..8..
...# #.......'......(........
...#######..[....###..(###...###.
.[.................#.))#########.


You could see Bai Suzhen and a 11-headed hydra.

Vanquished Creatures
  A caustic shrike (Depths:2)
  A titan (Depths:2)
  A sphinx (Depths:2)
  An iron dragon (Depths:2)
  2 fire giants (Depths:2)
  A cacodemon (Depths:1)
  A stone giant (Depths:3)
  4 very ugly things
  A vampire knight (Depths:1)
  3 jiangshi (Depths:1)
  A great orb of eyes (Depths:2)
  A fire dragon (Depths:2)
  2 rakshasas
  An ice dragon (Depths:2)
  3 centaur warriors
  Erica (Orc:1)
  3 ogre magi
  2 vampire magi (Depths:2)
  2 deep troll shamans (Depths:2)
  A deep troll earth mage (Depths:2)
  2 tengu warriors
  A spriggan berserker (Depths:2)
  3 orc high priests (Orc:2)
  A soul eater (Depths:2)
  An unseen horror (D:15)
  A giant orange brain (Depths:1)
  2 putrid demonspawn (Depths:1)
  A torturous demonspawn (Depths:1)
  The ghost of 4thArraOfDagon the Grappler, a novice TrFi of Cheibriados (D:8)
  2 hill giants (D:13)
  5 orc knights
  A necromancer (Depths:2)
  5 orc sorcerers (Orc:2)
  2 deep elf magi
  A griffon (D:15)
  3 ugly things
  6 cyclopes
  A smoke demon (Depths:1)
  A gargoyle (D:15)
  2 centaur skeletons
  An efreet (D:15)
  A komodo dragon (D:10)
  2 yaktaurs
  2 tengu conjurers (Depths:2)
  5 two-headed ogres
  4 trolls
  14 slime creatures
  2 air elementals
  A spriggan (shapeshifter) (Depths:2)
  A water elemental (Depths:2)
  3 wraiths
  9 humans
  2 hippogriffs
  A hungry ghost (D:12)
  7 vampire mosquitoes
  A mottled dragon (D:15)
  3 wargs
  11 ice beasts
  18 orc warriors
  A giant eyeball (shapeshifter) (D:15)
  A sky beast (D:8)
  2 black bears
  2 wasps
  A phantom (D:8)
  A necrophage (D:8)
  24 ogres
  A centaur (shapeshifter) (Depths:2)
  A wolf (shapeshifter) (Depths:2)
  3 centaurs
  3 big kobolds
  2 giant frogs
  A gnoll sergeant (D:10)
  2 water moccasin zombies (Ossuary)
  3 scorpions
  Dowan (D:7)
  6 killer bees (D:11)
  12 wights
  A howler monkey (D:4)
  4 centaur zombies
  3 crimson imps
  7 hounds
  2 giant frog zombies
  3 jellies
  A gnoll shaman (D:6)
  12 orc priests
  4 giant frog skeletons
  An iron imp (Depths:1)
  14 orc wizards
  9 worker ants
  5 sheep
  2 killer bee zombies (D:8)
  2 big kobold zombies (Ossuary)
  2 mummies (Ossuary)
  10 adders
  7 gnolls
  An ooze (D:6)
  4 adder zombies
  A worm (D:4)
  2 giant geckos
  40 orcs
  2 bats
  4 giant cockroaches
  3 gnoll zombies (Ossuary)
  7 goblins
  A hobgoblin (D:2)
  13 jackals
  A quokka (D:8)
  3 hobgoblin zombies (Ossuary)
  7 kobolds
  4 kobold zombies (Ossuary)
  6 orc zombies (Ossuary)
  2 rats
420 creatures vanquished.

Vanquished Creatures (collateral kills)
  A yaktaur captain (Depths:1)
  A deep troll (Depths:2)
2 creatures vanquished.

Vanquished Creatures (others)
  A very ugly thing (Depths:1)
  A salamander (D:15)
  A manticore (D:15)
  A troll (D:15)
  4 fungi (D:15)
8 creatures vanquished.

Grand Total: 430 creatures vanquished

Notes
Turn   | Place    | Note
-------+----------+-------------------------------------------
     0 | D:1      | 4thArraOfDagon the Troll Fighter began the quest for the Orb.
     0 | D:1      | Reached XP level 1. HP: 22/22 MP: 0/0
   121 | D:1      | Reached XP level 2. HP: 29/29 MP: 1/1
   196 | D:2      | Reached skill level 3 in Unarmed Combat
   197 | D:2      | Reached XP level 3. HP: 31/36 MP: 2/2
   257 | D:3      | You fall through a shaft!
   328 | D:4      | Found a large runed door.
   329 | D:4      | Found a large runed door.
   342 | D:4      | Reached XP level 4. HP: 44/44 MP: 3/3
   358 | D:4      | Reached skill level 4 in Unarmed Combat
   408 | D:4      | Reached XP level 5. HP: 49/50 MP: 4/4
   412 | D:4      | Noticed Menkaure
   447 | D:4      | Found a sand-covered staircase.
   452 | Ossuary  | Entered an ossuary
   548 | Ossuary  | Reached skill level 5 in Unarmed Combat
   548 | Ossuary  | Reached XP level 6. HP: 32/59 MP: 5/5
   677 | D:4      | Found Eplunwat's Weapon Shop.
   773 | D:5      | Entered Level 5 of the Dungeon
   916 | D:6      | Reached skill level 6 in Unarmed Combat
   986 | D:6      | Reached XP level 7. HP: 65/66 MP: 6/6
  1095 | D:8      | Found an opulent altar of Gozag.
  1182 | D:7      | Reached skill level 7 in Unarmed Combat
  1239 | D:7      | Noticed Dowan
  1253 | D:7      | Killed Dowan
  1283 | D:7      | Noticed Duvessa
  1354 | D:8      | Reached skill level 5 in Shields
  1387 | D:8      | Reached XP level 8. HP: 64/74 MP: 7/7
  1421 | D:8      | Reached skill level 8 in Unarmed Combat
  1428 | D:8      | Gained mutation: Your flesh is heat resistant. (rF+) [mutagenic meat]
  1431 | D:8      | Gained mutation: Your mind is acute. (Int +2) [mutagenic meat]
  1434 | D:8      | Gained mutation: Your flesh is cold resistant. (rC+) [mutagenic meat]
  1437 | D:8      | Lost mutation: Your mind is acute. (Int +2) [mutagenic meat]
  1440 | D:8      | Gained mutation: Armour fits poorly on your strangely shaped body. [mutagenic meat]
  1443 | D:8      | Gained mutation: You possess an exceptional clarity of mind. [mutagenic meat]
  1716 | D:6      | Reached skill level 9 in Unarmed Combat
  1890 | D:8      | Noticed 4thArraOfDagon's ghost (novice TrFi)
  1919 | D:8      | Killed 4thArraOfDagon's ghost
  1919 | D:8      | Reached XP level 9. HP: 55/80 MP: 8/8
  2005 | D:9      | Reached skill level 10 in Unarmed Combat
  2246 | D:10     | Entered Level 10 of the Dungeon
  2549 | D:7      | Reached skill level 11 in Unarmed Combat
  2686 | D:4      | Found a large runed door.
  2688 | D:4      | Found a large runed door.
  3086 | D:11     | Got an ichor-stained flail
  3087 | D:11     | Identified the +4 flail "Kuol" {crush, Dex+2 SInv} (You found it on level 11 of the Dungeon)
  3128 | D:11     | Noticed a troll
  3166 | D:11     | Killed a troll
  3166 | D:11     | Reached XP level 10. HP: 27/88 MP: 9/9
  3215 | D:11     | Noticed a cyclops
  3230 | D:11     | Killed a cyclops
  3230 | D:11     | Reached skill level 12 in Unarmed Combat
  3333 | D:11     | how
  3337 | D:11     | Noticed a cyclops
  3388 | D:11     | WTF
  3393 | D:11     | Found a labyrinth entrance.
  3405 | Lab      | Entered a labyrinth
  3491 | Lab      | Noticed a minotaur
  3641 | Lab      | instawin
  3682 | D:11     | Killed a cyclops
  3699 | D:12     | Found Uliblo's Magic Scroll Shoppe.
  3701 | D:12     | Noticed a cyclops
  3718 | D:12     | Killed a cyclops
  3721 | D:12     | Noticed a six-headed hydra
  3727 | D:12     | Noticed a cyan ugly thing
  3728 | D:12     | Bought a scroll of enchant armour for 97 gold pieces
  3728 | D:12     | Bought a scroll of identify for 26 gold pieces
  3728 | D:12     | Bought a scroll of identify for 26 gold pieces
  3728 | D:12     | Bought a scroll of blinking for 97 gold pieces
  3728 | D:12     | Bought a scroll of identify for 26 gold pieces
  3740 | D:12     | Noticed a cyclops
  3745 | D:13     | Found a gate to the Vaults.
  3745 | D:13     | Noticed an orc knight
  3745 | D:13     | Noticed Nessos
  3745 | D:13     | Noticed a hill giant
  3745 | D:13     | Noticed a hill giant
  3745 | D:13     | Noticed Erolcha
  3772 | D:12     | Reached skill level 13 in Unarmed Combat
  3854 | D:13     | Noticed a cyclops
  3932 | D:13     | Killed a cyclops
  4010 | D:13     | Killed a hill giant
  4042 | D:13     | Reached XP level 11. HP: 52/94 MP: 10/10
  4149 | D:13     | Killed an orc knight
  4177 | D:13     | Noticed dobroeutro's ghost (journeyman GrFi)
  4356 | D:12     | Identified the Papyrus of the Hidden Mice
  4451 | D:11     | Reached skill level 14 in Unarmed Combat
  4752 | D:10     | Found a staircase to the Orcish Mines.
  4873 | Orc:1    | Entered Level 1 of the Orcish Mines
  4897 | Orc:2    | Entered Level 2 of the Orcish Mines
  4913 | Orc:2    | Found a staircase to the Elven Halls.
  5023 | Orc:1    | Found a frozen archway.
  5023 | Orc:1    | Found a roughly hewn altar of Beogh.
  5075 | Orc:1    | Noticed Erica
  5084 | IceCv    | Entered an ice cave
  5086 | IceCv    | Noticed Malvoorn's ghost (journeyman DsAK)
  5102 | Orc:1    | Killed Erica
  5102 | Orc:1    | Reached skill level 15 in Unarmed Combat
  5160 | Orc:1    | Noticed Harold
  5168 | Orc:1    | Noticed Nattefrost's ghost (journeyman HOBe)
  5181 | Orc:2    | Found a roughly hewn altar of Beogh.
  5183 | Orc:2    | Noticed an orc sorcerer
  5194 | Orc:2    | Killed an orc sorcerer
  5248 | Orc:2    | Noticed an orc high priest
  5256 | Orc:2    | Noticed an orc sorcerer
  5268 | Orc:2    | Killed an orc sorcerer
  5279 | Orc:2    | Noticed an orc sorcerer
  5291 | Orc:2    | Killed an orc sorcerer
  5372 | Orc:2    | Noticed an orc sorcerer
  5372 | Orc:2    | Noticed an orc high priest
  5390 | Orc:2    | Noticed a sixfirhy
  5403 | Orc:2    | HP: 2/94 [sixfirhy[an orc high priest] (9)]
  5514 | Orc:2    | Killed an orc high priest
  5514 | Orc:2    | Reached XP level 12. HP: 39/104 MP: 11/11
  5696 | Orc:2    | Reached skill level 10 in Shields
  5719 | Orc:2    | Noticed an orc high priest
  5743 | Orc:2    | Killed an orc high priest
  5880 | Orc:2    | Reached skill level 16 in Unarmed Combat
  5908 | Orc:2    | Killed an orc high priest
  6057 | Orc:2    | Found Boluet's Weapon Boutique.
  6057 | Orc:2    | Found Naka's Magic Scroll Boutique.
  6058 | Orc:2    | Found Fumit's Gadget Emporium.
  6063 | Orc:2    | Found Dopsi's Assorted Antiques.
  6067 | Orc:2    | Bought a scroll labeled DABROL JUTTE for 28 gold pieces
  6077 | Orc:2    | Bought a scroll of teleportation for 45 gold pieces
  6077 | Orc:2    | Bought a scroll of teleportation for 45 gold pieces
  6077 | Orc:2    | Bought a scroll of teleportation for 45 gold pieces
  6077 | Orc:2    | Bought a scroll of random uselessness for 15 gold pieces
  6077 | Orc:2    | Bought 3 scrolls of identify for 90 gold pieces
  6079 | Orc:2    | Lost mutation: Your flesh is heat resistant. (rF+) [potion of mutation]
  6079 | Orc:2    | Gained mutation: Your spells are a little easier to cast, but a little less powerful. [potion of mutation]
  6079 | Orc:2    | Gained mutation: You are partially covered in iridescent scales. (AC +2) [potion of mutation]
  6154 | Orc:1    | Noticed 4thArraOfDagon's ghost (journeyman MiBe)
  6195 | Orc:1    | You fall through a shaft!
  6538 | D:12     | Noticed a vault guard
  6669 | D:12     | Gained mutation: Your body sometimes deteriorates upon taking damage. [potion of mutation]
  6669 | D:12     | Gained mutation: You are weak. (Str -2) [potion of mutation]
  6680 | D:12     | Found a portal to a secret trove of treasure.
  6796 | D:14     | Reached skill level 17 in Unarmed Combat
  6912 | D:13     | Noticed Frances
  6960 | D:15     | Entered Level 15 of the Dungeon
  7068 | D:15     | Noticed a six-headed hydra
  7096 | D:15     | Noticed a centaur warrior
  7104 | D:15     | Killed a centaur warrior
  7146 | D:15     | Reached XP level 13. HP: 110/110 MP: 12/12
  7256 | D:15     | Noticed an entropy weaver
  7542 | D:15     | Reached skill level 18 in Unarmed Combat
  7542 | D:15     | Reached skill level 1 in Evocations
  7686 | D:15     | Found a staircase to the Depths.
  7693 | Depths:1 | Entered Level 1 of the Depths
  7740 | Depths:1 | Found a gateway to Hell.
  7751 | Hell     | Entered the Vestibule of Hell
  7751 | Hell     | Noticed Geryon
  7843 | Depths:1 | Noticed a jiangshi
  8058 | Depths:2 | Noticed a sphinx
  8273 | Depths:1 | Found a gateway to a ziggurat.
  8305 | Depths:1 | Noticed a jiangshi
  8318 | Depths:1 | Killed a jiangshi
  8320 | Depths:1 | Noticed a vampire knight
  8331 | Depths:1 | Paralysed by a vampire knight for 3 turns
  8345 | Depths:1 | Killed a vampire knight
  8435 | Depths:1 | Killed a jiangshi
  8559 | Depths:1 | Found a one-way gate leading to the halls of Pandemonium.
  8560 | Depths:1 | Noticed a cacodemon
  8566 | Depths:1 | Gained mutation: Scrolls take you a little longer to read. [a cacodemon]
  8688 | Depths:1 | Noticed a jiangshi
  8695 | Depths:1 | Noticed a brown very ugly thing
  8700 | Depths:1 | Killed a jiangshi
  8700 | Depths:1 | Reached skill level 19 in Unarmed Combat
  8704 | Depths:2 | Noticed a purple very ugly thing
  8704 | Depths:2 | Noticed a fire dragon
  8704 | Depths:2 | Noticed a cyan very ugly thing
  8712 | Depths:1 | Noticed a brown very ugly thing
  8735 | Depths:1 | Killed a red very ugly thing
  8746 | Depths:1 | Lost mutation: Armour fits poorly on your strangely shaped body. [mutagenic meat]
  8752 | Depths:1 | Gained mutation: You are agile. (Dex +2) [mutagenic meat]
  8755 | Depths:1 | Gained mutation: Your mind is acute. (Int +2) [mutagenic meat]
  8759 | Depths:1 | Found a glowing golden altar of the Shining One.
  8863 | Depths:1 | Lost mutation: Your spells are a little easier to cast, but a little less powerful. [a cacodemon]
  8864 | Depths:1 | Gained mutation: You expend magic power (3 MP) to strengthen your wands. [a cacodemon]
  8865 | Depths:1 | Gained mutation: Your magical capacity is low. (-10% MP) [a cacodemon]
  8883 | Depths:1 | Killed a cacodemon
  9126 | Depths:3 | Noticed a stone giant
  9134 | Depths:3 | Killed a stone giant
  9134 | Depths:3 | Reached XP level 14. HP: 102/118 MP: 14/14
  9195 | Depths:2 | Paralysed by a sphinx for 3 turns
  9201 | Depths:2 | Killed a sphinx
  9201 | Depths:2 | Reached skill level 5 in Evocations
  9285 | Depths:2 | Found Dixtuzu's Food Emporium.
  9285 | Depths:2 | Found Xunopety's Gadget Shoppe.
  9305 | Depths:2 | Noticed Bai Suzhen
  9378 | Depths:2 | Turgon: Holla, atheist TrFi!?
  9430 | Depths:2 | 4thArraOfDagon: no temple!!!
  9430 | Depths:2 | 4thArraOfDagon: no altars!!!!
  9430 | Depths:2 | Turgon: mhmm
  9430 | Depths:2 | 4thArraOfDagon: lok
  9430 | Depths:2 | 4thArraOfDagon: look lol
  9435 | Depths:2 | Found Xanaome's Food Emporium.
  9570 | Depths:2 | Noticed a brown very ugly thing
  9571 | Depths:2 | Noticed a brown very ugly thing
  9571 | Depths:2 | Noticed a brown very ugly thing
  9603 | Depths:2 | Killed a brown very ugly thing
  9612 | Depths:2 | Lost mutation: You are weak. (Str -2) [mutagenic meat]
  9615 | Depths:2 | Gained mutation: You are partially covered in icy blue scales. (AC +2) [mutagenic meat]
  9737 | Depths:2 | Noticed a caustic shrike
  9753 | Depths:2 | Noticed a fire giant
  9761 | Depths:2 | Killed a caustic shrike
  9761 | Depths:2 | Reached skill level 20 in Unarmed Combat
  9766 | Depths:2 | Killed a fire giant
  9812 | Depths:2 | Killed a brown very ugly thing
  9835 | Depths:2 | HP: 4/118 [acid (9)]
  9850 | Depths:2 | Noticed a titan
  9860 | Depths:2 | Noticed an iron dragon
  9867 | Depths:2 | Killed a titan
  9873 | Depths:2 | Killed a red very ugly thing
  9878 | Depths:2 | Killed an iron dragon
  9879 | Depths:2 | HP: 12/265 [spriggan berserker/antimagic quarterstaff (8)]
  9888 | Depths:2 | Turgon: wow
  9891 | Depths:2 | Turgon: no chance
  9902 | Depths:2 | Turgon: last chance: tree
  9911 | Depths:2 | Turgon: and killed them
 10004 | Depths:1 | Turgon: Well, you might find Jiyva in lair
 10004 | Depths:1 | 4thArraOfDagon: lets go tso
 10014 | Depths:1 | Became a worshipper of the Shining One
 10043 | Depths:2 | Lost mutation: Your mind is acute. (Int +2) [mutagenic meat]
 10046 | Depths:2 | Gained mutation: You are partially covered in molten scales. (AC +2) [mutagenic meat]
 10084 | Depths:2 | Turgon: Start worshipping at 10 k...
 10224 | Depths:2 | Reached skill level 21 in Unarmed Combat
 10335 | Depths:2 | Noticed a fire giant
 10342 | Depths:2 | Ultraviolent4: stay positive :)
 10346 | Depths:2 | Killed a fire giant
 10346 | Depths:2 | Reached skill level 1 in Invocations
 10365 | Depths:2 | HP: 1/118 [11-headed hydra[Bai Suzhen] (5)]
 10365 | Depths:2 | The Shining One protects you from harm!
 10365 | Depths:2 | Mangled by an 11-headed hydra

Vault maps used:
D:1:      minmay_arrival_hallway
D:2:      kennysheep_goblin_castle, uniq_sigmund
D:3:      uniq_iyjb
D:4:      serial_shops, shop, first_bread, enter_ossuary_5,
          minmay_hollow_rounded_squares, uniq_menkaure
D:5:      roderic_lattice_a, uniq_edmund
D:7:      uniq_duvessa
D:8:      basic_altar
D:9:      lemuel_ice_statue, lair_0_dummy, serial_shops, nicolae_shop_stone
D:10:     kennysheep_orc_monster_closet_entryway
D:11:     lab_entry_generic, david_nohive_1, evilmike_butchery
D:12:     enter_trove_5, serial_shops, shop, minmay_misc_feat_alley
D:13:     david_vaults_3, uniq_nessos, uniq_frances, uniq_erolcha
D:14:     serial_park_tiny_1, minmay_holes
D:15:     hangedman_depths_entry_try_elsewhere_first, minivault_26,
          minmay_gold_behind_fungi
Orc:1:    portal_ice_cave_entry_ice_beasts, basic_altar, uniq_harold, uniq_erica
Orc:2:    st_orc_elflike, basic_altar
Depths:1: enter_ziggurat_c, hangedman_decor_points, rand_demon_pan_entry_4,
          grunt_hell_entry_dis_old, tso_altar
Depths:2: hangedman_arrow_trap, pf_coc_iceberg, serial_shops, shop,
          grunt_megastairs_5, infiniplex_staircase_pillars_2, minmay_shoptagon,
          serial_bayou_shore_b, uniq_aizul, uniq_bai_suzhen
Depths:3: hangedman_box_tower, serial_bayou_ford_a, pan_entry, hell_entry
Lab:      labyrinth_spiral
Ossuary:  ossuary_tomb_2
IceCv:    ice_cave_small_dragons

Skill      XL: |  1  2  3  4  5  6  7  8  9 10 11 12 13 14 |
---------------+-------------------------------------------+-----
Unarmed Combat | 3 4 5 6 7 9 11 13 15 17 19 21 | 21.0
Shields        | 3 4 5 6 7 8 9 10 | 10.1
Evocations     | 4 5 |  5.2
Invocations    | 1 |  1.1
Fighting       | |  2.7
Dodging        | |  2.4

Action                   |  1- 3 |  4- 6 |  7- 9 | 10-12 | 13-15 || total
-------------------------+-------+-------+-------+-------+-------++-------
Melee: Unarmed           |    57 |   147 |   308 |   689 |   415 ||  1616
Throw: Large rock        |       |       |       |     2 |     8 ||    10
       Throwing net      |       |       |       |     3 |     7 ||    10
 Abil: Evoke Berserk Rag |       |       |       |       |    16 ||    16
Evoke: Wand              |       |       |     6 |     8 |    24 ||    38
       Fan of gales      |       |       |       |       |     1 ||     1
  Use: Scroll            |     1 |     5 |     4 |    13 |    16 ||    39
       Potion            |       |       |     1 |     8 |     9 ||    18
 Stab: Confused          |       |       |     1 |       |     1 ||     2
       Held in net/web   |       |       |       |     1 |     1 ||     2
       Betrayed ally     |       |       |       |       |     1 ||     1
  Eat: Chunk             |     3 |     6 |    25 |    47 |    38 ||   119
       Pizza             |       |       |       |       |     4 ||     4
       Beef jerky        |       |       |       |       |     3 ||     3
Armor: Robe              |    14 |    21 |    28 |    51 |    39 ||   153
       Skin              |       |       |       |     7 |     8 ||    15
       Troll leather arm |       |       |       |       |    22 ||    22
Dodge: Dodged            |    12 |    33 |   103 |   241 |   122 ||   511
Block: Shield            |    18 |    46 |   160 |   345 |   169 ||   738
